 Dungeon Crawl Stone Soup version 0.30-a0-639-g3916f1956a (webtiles) character file.

Game seed: 13941733043668148857

49 bmack86 the Shield-Bearer (level 3, -2/33 HPs)
             Began as a Minotaur Fighter on Jan 16, 2023.
             Slain by a gnoll
             ... wielding a +0 spear
              (4 damage)
             ... on level 2 of the Dungeon.
             The game lasted 00:01:58 (711 turns).

bmack86 the Shield-Bearer (Minotaur Fighter)         Turns: 711, Time: 00:01:59

Health: -2/33      AC:  7    Str: 22    XL:     3   Next: 51%
Magic:  2/2        EV:  9    Int:  5    God:
Gold:   53         SH: 10    Dex:  9    Spells: 2/2 levels left

rFire   x . .      SeeInvis .    a - +0 war axe
rCold   + + .      Faith    .    e - +1 buckler {rC+}
rNeg    . . .      Spirit   .    b - +0 scale mail
rPois   .          Reflect  +    (helmet restricted)
rElec   .          Harm     .    (no cloak)
rCorr   .          Rampage  .    (no gloves)
Will    .....                    (no boots) Stlth
                                 i - amulet of reflection
HPRegen 0.25/turn                f - ring of ice
MPRegen 0.08/turn                (no ring)

@: no status effects
A: horns 2, retaliatory headbutt
a: no special abilities


You were on level 2 of the Dungeon.
You visited 1 branch of the dungeon, and saw 2 of its levels.

You collected 53 gold pieces.

Inventory:

Hand Weapons
 a - a +0 war axe (weapon)
Missiles
 h - 3 poisoned darts (quivered)
Armour
 b - a +0 scale mail (worn)
 e - a +1 buckler of cold resistance (worn)
Jewellery
 f - a ring of ice (left hand)
 i - an amulet of reflection (around neck)
Scrolls
 j - a scroll of immolation {unknown}
 k - a scroll of silence {unknown}
 l - a scroll of poison {unknown}
Potions
 c - a potion of mutation {unknown}
 d - a potion of might
 g - a potion of degeneration {unknown}


   Skills:
 + Level 4.0 Fighting
 * Level 3.4 Axes
 + Level 0.7 Throwing
 + Level 4.0 Armour
 + Level 4.0 Shields


You had 2 spell levels left.
You didn't know any spells.
Your spell library was empty.

Dungeon Overview and Level Annotations

Branches:
Dungeon (2/15)

Altars:
Dithmenos

Shops:
D:1 [


Innate Abilities, Weirdness & Mutations

You have a pair of horns on your head.
You reflexively headbutt those who attack you in melee.


Message History

The gnoll hits you from afar with a +0 spear.
* * * LOW HITPOINT WARNING * * *
You hit the gnoll. You headbutt the gnoll.
The gnoll is moderately wounded.
You block the gnoll's attack. The gnoll barely misses you.
You block the gnoll's attack. The gnoll closely misses you.
You hit the gnoll.
The gnoll is severely wounded.
The gnoll barely misses you. The gnoll closely misses you.
You closely miss the gnoll.
The gnoll is severely wounded.
The gnoll closely misses you. You block the gnoll's attack.
You hit the gnoll but do no damage.
The gnoll is severely wounded.
You block the gnoll's attack. x2
The gnoll hits you from afar with a +0 spear.
* * * LOW HITPOINT WARNING * * *
The gnoll barely misses you. You furiously retaliate!
You headbutt the gnoll.
You kill the gnoll!
Your Armour skill increases to level 4!
Your Shields skill increases to level 4!
You barely miss the gnoll. You block the gnoll's attack.
The gnoll hits you from afar with a +0 spear.
* * * LOW HITPOINT WARNING * * *
You slash the gnoll!
The gnoll is severely wounded.
You block the gnoll's attack. The gnoll completely misses you.
You block the gnoll's attack.
The gnoll hits you from afar with a +0 spear.
* * * LOW HITPOINT WARNING * * *
You slash the gnoll!
You kill the gnoll!
The gnoll barely misses you. You block the adder's attack.
Your Fighting skill increases to level 4!
You hit the adder but do no damage. The adder bites you but does no damage.
You block the gnoll's attack. The adder barely misses you.
You slash the adder!
You kill the adder!
The gnoll hits you from afar with a +0 spear.
You die...

.. ###.##### #.......#
#.......# #.......### ...
+..>...... ....
#.......########### .....
#...[......gg@....# .....
...##.......g#####'##.....
########.# #......... #.#
#......... #.# #.^.......
#.####.........
.....#.........
.....##'#.....#
........#.###.#


You could see 2 gnolls and a hobgoblin.

Vanquished Creatures
  An adder (D:2)
  3 gnolls
  A dart slug (D:1)
  A bat (D:1)
  3 endoplasms (D:1)
  3 goblins (D:1)
  2 kobolds (D:1)
  A quokka (D:1)
  A frilled lizard (D:1)
  4 rats
20 creatures vanquished.

Notes
Turn   | Place    | Note
-------+----------+-------------------------------------------
     0 | D:1      | bmack86 the Minotaur Fighter began the quest for the Orb.
     0 | D:1      | Reached XP level 1. HP: 19/19 MP: 0/0
     0 | D:1      | Found a shadowy altar of Dithmenos.
   172 | D:1      | Reached XP level 2. HP: 27/27 MP: 1/1
   397 | D:1      | Found Maeguomno's Antique Armour Shoppe.
   541 | D:1      | Reached XP level 3. HP: 33/33 MP: 2/2
   708 | D:2      | HP: 1/33 [gnoll/+0 spear (2)]
   711 | D:2      | Slain by a gnoll

Illustrated notes

Levels and vault maps discovered:
D:1:      sevenhm_arrival_forest_fort_small_6, layout_basic, serial_shops,
          nicolae_shop_stone
D:2:      layout_basic, serial_shops, shop, st_stairs_14

Skill      XL: |  1  2  3 |
---------------+----------+-----
Axes           | 3 |  3.4
Armour         | 4 |  4.0
Shields        | 4 |  4.0
Fighting       | 4 |  4.0
Throwing       | |  0.7

Action                   || total
-------------------------++-------
Melee: War axe           ||    41
       Headbutt          ||     4
Armor: Scale mail        ||    12
Dodge: Dodged            ||    27
Block: Buckler           ||    28

Table legend: (Time is in decaauts)
 A = Elapsed time spent in this place.
 B = Non-inter-level travel time spent in this place.
 C = Inter-level travel time spent in this place.
 D = Time resting spent in this place.
 E = Time spent auto-exploring this place.
 F = Levels seen in this place.
 G = Mean time per level.
                   A        B        C        D        E       F      G
               +--------+--------+--------+--------+--------+-----+--------+
         Total |    726 |    690 |     36 |      0 |    428 |   2 |  363.0 |
       Dungeon |    726 |    690 |     36 |      0 |    428 |   2 |  363.0 |
               +--------+--------+--------+--------+--------+-----+--------+

Top non-repeatable levels by time:
     D:1: 673 daAuts
     D:2: 52 daAuts
